 Dungeon Crawl Stone Soup version 0.21-a0-59-g7b0e191 (webtiles) character file.

3861 mcbry the Fighter (level 9, -5/105 HPs)
             Began as a Troll Berserker on June 16, 2017.
             Was an Elder of Trog.
             Slain by a three-headed hydra (15 damage)
             ... on level 8 of the Dungeon.
             The game lasted 00:18:41 (6422 turns).

mcbry the Fighter (Troll Berserker)                 Turns: 6422, Time: 00:18:42

Health: -5/105     AC:  5    Str: 30    XL:     9   Next: 99%
Magic:  7/7        EV: 10    Int:  8    God:    Trog [****..]
Gold:   32         SH:  0    Dex:  9    Spells: 8/8 levels left

rFire    . . .     SeeInvis .     - Unarmed
rCold    . . .     Gourm    +   (no shield)
rNeg     . . .     Faith    .   a - +0 animal skin
rPois    .         Spirit   .   (helmet restricted)
rElec    .         Reflect  .   (no cloak)
rCorr    +         Harm     .   (gloves unavailable)
MR       .....     Rnd*Tele +   (boots unavailable)
Stlth    +.........             y - amulet of magic regeneration
HPRegen  0.67/turn              t - ring of resist corrosion
MPRegen  0.35/turn              z - +5 ring of intelligence

@: berserk cooldown, slowed, very slow
A: unfitting armour, claws 3, fast metabolism 3, gourmand, low mp 1, mutation
resistance 1, regeneration 1, screaming 1, shaggy fur 1, teleportitis 1, tough
skin 2
a: Berserk, Trog's Hand, Brothers in Arms, Burn Spellbooks, Renounce Religion


You were on level 8 of the Dungeon.
You worshipped Trog.
Trog was greatly pleased with you.
You were full.

You visited 1 branch of the dungeon, and saw 8 of its levels.

You collected 368 gold pieces.
You spent 336 gold pieces at shops.

Inventory:

Missiles
 D - 3 tomahawks (quivered)
Armour
 a - a +0 animal skin (worn)
Jewellery
 t - a ring of resist corrosion (left claw)
 y - an amulet of magic regeneration (around neck)
 z - a +5 ring of intelligence (right claw)
Wands
 e - a wand of random effects (30/48)
 o - a wand of acid (0/15)
 v - a wand of lightning (3/15)
 A - a wand of flame (14/48)
 B - a wand of polymorph (5/24)
 F - a wand of clouds (3/9)
Scrolls
 d - 11 scrolls of remove curse
 g - 2 scrolls of amnesia
 k - 8 scrolls of identify
 l - 2 scrolls of teleportation {unknown}
 m - 2 scrolls of recharging {unknown}
 q - 2 scrolls of magic mapping
 x - a scroll of enchant armour {unknown}
 E - a scroll of silence {unknown}
Potions
 c - a potion of cancellation {unknown}
 h - a potion of agility
 i - a potion of berserk rage {unknown}
 j - 7 potions of curing
 p - 2 potions of might {unknown}
 r - a potion of invisibility {unknown}
 u - a potion of flight {unknown}
 w - a potion of lignification {unknown}
 C - a potion of haste {unknown}
 G - a potion of resistance
Comestibles
 b - 8 bread rations
 f - 3 meat rations
 n - 5 royal jellies
 s - 2 fruits
 I - 5 mutagenic chunks of flesh


   Skills:
 + Level 11.1 Fighting
 - Level 2.4 Dodging
 + Level 6.8 Unarmed Combat


You had 8 spell levels left.
You didn't know any spells.

Dungeon Overview and Level Annotations

Branches:
Dungeon (8/15)             Temple (0/1) D:5            Lair (0/6) D:8

Altars:
Fedhas
Gozag
Nemelex Xobeh
Qazlal
Ru
Trog

Shops:
D:5 ?   D:8 !


Innate Abilities, Weirdness & Mutations

You are too large for most types of armour.
You have claws for hands.
Your metabolism is lightning-fast.
You like to eat raw meat.
Your natural rate of healing is unusually fast.
You are covered in fur. (AC +1)
You have very tough skin. (AC +2)
Your magical capacity is low. (-10% MP)
You are somewhat resistant to further mutation.
You occasionally shout uncontrollably at your foes.
You are occasionally teleported next to monsters.


Message History

Okay, then.
Your ogre goes berserk!
You feel somewhat less full. Trog will no longer gift you weapons.
The three-headed hydra bites you but does no damage.
The three-headed hydra bites you.
* * * LOW HITPOINT WARNING * * *
The three-headed hydra closely misses you.
You feel much better.
Your ogre hits the centaur with a giant club!!
The centaur dies!
Trog accepts your kill.
The three-headed hydra bites you but does no damage.
The three-headed hydra bites you!
* * * LOW HITPOINT WARNING * * *
The three-headed hydra bites you.
* * * LOW HITPOINT WARNING * * *
The dream sheep ruffles its wool and motes of dream dust sparkle, to no effect.
The three-headed hydra bites you!
You die...

>.......)..............).........
.#####.....##################.##.
.....#.....# ###.......# #.##.
####.#.....# #.........###.##.
#.#.....# ##.............##.
#.......# #.........#######.
###.....# #.........# #.
#.....#####..K......# #.
#####......@DY..(...########
#####...)..K....#...%.#.
#...O.......#≈%...'$
#...........#).P..'.
#.....#####.(≈.%..'. #.....#
#.#...$.#. #.....# #.#≈.P≈P##
#.....# #.#P≈≈≈≈# ###.....#
###PP≈P.'.


You could see a three-headed hydra, 2 big kobolds, a dream sheep and a friendly
ogre (berserk).

Vanquished Creatures
  A two-headed ogre (D:8)
  A dream sheep (D:8)
  A yak (D:8)
  5 humans
  Menkaure (D:4)
  Duvessa (D:6)
  3 sky beasts
  A necrophage (D:7)
  4 ogres
  A centaur (D:7)
  A big kobold (D:8)
  2 bullfrogs
  Dowan (D:6)
  A howler monkey (D:8)
  2 electric eels (D:7)
  A crimson imp (D:5)
  A jelly (D:8)
  A bullfrog zombie (D:5)
  4 orc priests
  2 bullfrog skeletons
  4 orc wizards
  An iguana (D:6)
  6 worker ants
  A howler monkey skeleton (D:7)
  8 adders
  5 gnolls
  2 shadow imps (D:7)
  3 oozes
  An adder skeleton (D:7)
  A worm (D:3)
  A dart slug (D:1)
  3 leopard geckos
  27 orcs
  3 bats
  3 giant cockroaches
  11 goblins
  8 hobgoblins
  3 jackals (D:2)
  7 kobolds
  5 quokkas
  6 frilled lizards
  2 jackal skeletons
  A leopard gecko skeleton (D:4)
  A quokka zombie (D:5)
  9 rats
157 creatures vanquished.

Vanquished Creatures (collateral kills)
  A centaur (D:8)
1 creature vanquished.

Vanquished Creatures (others)
  5 plants (D:8)
5 creatures vanquished.

Grand Total: 163 creatures vanquished

Notes
Turn   | Place    | Note
-------+----------+-------------------------------------------
     0 | D:1      | mcbry the Troll Berserker began the quest for the Orb.
     0 | D:1      | Reached XP level 1. HP: 22/22 MP: 0/0
   333 | D:1      | Reached XP level 2. HP: 22/29 MP: 1/1
   385 | D:1      | Reached skill level 3 in Fighting
   494 | D:1      | Reached XP level 3. HP: 37/37 MP: 2/2
   702 | D:1      | Reached ** piety under Trog
  1009 | D:2      | Reached XP level 4. HP: 41/48 MP: 3/3
  1077 | D:2      | Reached skill level 4 in Fighting
  1687 | D:3      | Reached XP level 5. HP: 55/55 MP: 4/4
  1817 | D:3      | Reached *** piety under Trog
  1972 | D:3      | Reached skill level 5 in Fighting
  2231 | D:3      | Gained mutation: You expend magic power (3 MP) to strengthen your wands. [potion of mutation]
  2231 | D:3      | Gained mutation: Scrolls take you a little longer to read. [potion of mutation]
  2231 | D:3      | Gained mutation: You are partially covered in iridescent scales. (AC +2) [potion of mutation]
  2546 | D:4      | Reached XP level 6. HP: 56/66 MP: 5/5
  2813 | D:4      | Noticed Menkaure
  2818 | D:4      | Killed Menkaure
  2818 | D:4      | Reached skill level 6 in Fighting
  3134 | D:5      | Entered Level 5 of the Dungeon
  3152 | D:5      | Reached XP level 7. HP: 65/76 MP: 6/6
  3362 | D:5      | Found a staircase to the Ecumenical Temple.
  3501 | D:5      | Found a blossoming altar of Fedhas.
  3538 | D:5      | Found an opulent altar of Gozag.
  3622 | D:5      | Reached skill level 7 in Fighting
  3624 | D:5      | Found Yptuom's Magic Scroll Emporium.
  3681 | D:5      | Reached **** piety under Trog
  4164 | D:6      | Found a sacrificial altar of Ru.
  4166 | D:6      | Noticed Duvessa
  4167 | D:6      | Noticed Dowan
  4175 | D:6      | Killed Duvessa
  4177 | D:6      | Killed Dowan
  4177 | D:6      | Reached skill level 8 in Fighting
  4234 | D:6      | Reached XP level 8. HP: 75/88 MP: 7/7
  4500 | D:6      | Lost mutation: You expend magic power (3 MP) to strengthen your wands. [potion of mutation]
  4500 | D:6      | Lost mutation: Scrolls take you a little longer to read. [potion of mutation]
  4500 | D:6      | Lost mutation: You are partially covered in iridescent scales. (AC +2) [potion of mutation]
  4500 | D:6      | Gained mutation: You are occasionally teleported next to monsters. [potion of mutation]
  4500 | D:6      | Gained mutation: You occasionally shout uncontrollably at your foes. [potion of mutation]
  4500 | D:6      | Gained mutation: Your magical capacity is low. (-10% MP) [potion of mutation]
  4500 | D:6      | Gained mutation: You are somewhat resistant to further mutation. [potion of mutation]
  4651 | D:6      | Reached skill level 9 in Fighting
  4675 | D:6      | HP: 3/93 [human/club (6)]
  5013 | D:6      | Reached skill level 10 in Fighting
  5179 | D:7      | Found a transporter.
  5192 | D:7      | Found a transporter.
  5261 | D:7      | Reached XP level 9. HP: 13/101 MP: 7/7
  6085 | D:8      | Found a sparkling altar of Nemelex Xobeh.
  6096 | D:8      | Reached ***** piety under Trog
  6216 | D:8      | Found a staircase to the Lair.
  6217 | D:8      | Noticed a komodo dragon
  6269 | D:8      | Noticed a two-headed ogre
  6274 | D:8      | Killed a two-headed ogre
  6313 | D:8      | Found a bloodstained altar of Trog.
  6323 | D:8      | Found a stormy altar of Qazlal.
  6349 | D:8      | Found Haucw's Distillery.
  6358 | D:8      | Bought a potion of resistance for 140 gold pieces
  6358 | D:8      | Bought a potion of curing for 42 gold pieces
  6358 | D:8      | Bought a potion of curing for 42 gold pieces
  6358 | D:8      | Bought a potion of curing for 42 gold pieces
  6358 | D:8      | Bought a potion of heal wounds for 70 gold pieces
  6400 | D:8      | Noticed a three-headed hydra
  6400 | D:8      | Reached skill level 11 in Fighting
  6421 | D:8      | HP: 5/104 [three-headed hydra (4)]
  6422 | D:8      | Slain by a three-headed hydra

Vault maps used:
D:1:      evilmike_arrival_rings
D:3:      first_bread
D:4:      kennysheep_small_square, uniq_menkaure
D:5:      kennysheep_little_box, minmay_temple_entry_nine_rooms, serial_shops,
          shop, basic_altar, minmay_misc_feat_tower, kennysheep_potato
D:6:      nicolae_ru_great_annihilating_truth, minmay_misc_feat_iff,
          minmay_ruffians, uniq_duvessa
D:7:      gammafunk_steamed_eel, patterned_corridor
D:8:      nemelex_xobeh_ov_fountains_minmay, minitemple, david_lair_shrubbed,
          serial_shops, shop, hangedman_ranch

Skill      XL: |  1  2  3  4  5  6  7  8  9 |
---------------+----------------------------+-----
Fighting       | 3 4 5 6 8 10 11 | 11.1
Unarmed Combat | 6 |  6.8
Dodging        | |  2.4

Action                   |  1- 3 |  4- 6 |  7- 9 || total
-------------------------+-------+-------+-------++-------
Melee: Unarmed           |    78 |   149 |   253 ||   480
       Punch             |     2 |       |     7 ||     9
Invok: Berserk           |       |     2 |    10 ||    12
       Burn Spellbooks   |       |       |     1 ||     1
       Trog's Hand       |       |       |     1 ||     1
       Brothers in Arms  |       |       |     1 ||     1
Evoke: Wand              |       |       |     1 ||     1
  Use: Scroll            |       |     8 |     1 ||     9
       Potion            |       |     1 |     3 ||     4
  Eat: Chunk             |     8 |    24 |    30 ||    62
       Royal jelly       |       |       |     1 ||     1
       Meat ration       |       |       |     1 ||     1
       Bread ration      |       |       |     1 ||     1
Armor: Animal skin       |    35 |    44 |    45 ||   124
Dodge: Dodged            |    45 |    58 |   109 ||   212
